 Dungeon Crawl Stone Soup version 0.30-a0-553-g7fabdf1491 (webtiles) character file.

Game seed: 10301012200445485355

285144 cforsyth the Slayer (level 19, -20/195 HPs)
             Began as a Grey Draconian Transmuter on Dec 26, 2022.
             Was the Champion of Okawaru.
             Killed from afar by an ironbound thunderhulk (34 damage)
             ... with a bolt of lightning
             ... on level 2 of the Vaults on Dec 27, 2022.
             The game lasted 02:27:32 (59060 turns).

cforsyth the Slayer (Grey Draconian Transmuter)    Turns: 59060, Time: 02:27:33

Health: -20/195    AC: 20    Str: 15    XL:     19   Next: 80%
Magic:  0/35       EV: 20    Int: 17    God:    Okawaru [******]
Gold:   1094       SH: 17    Dex: 16    Spells: 35/43 levels left

rFire   + . .      SeeInvis .      - Unarmed
rCold   . . .      Faith    .    z - +9 kite shield "Vidac" {rC- rN+ rCorr}
rNeg    + + .      Spirit   +    (body armour unavailable)
rPois   +          Reflect  .    (helmet currently unavailable)
rElec   .          Harm     .    T - +1 cloak {rF+}
rCorr   +          Rampage  .    g - +2 pair of gloves
Will    +....                    (boots currently unavailable)
Stlth   +                        P - amulet of guardian spirit
HPRegen 0.52/turn                v - ring of protection from cold
MPRegen 0.24/turn                U - ring "Jeviw" {rPois rN+ Int-2 Dex+4 Slay+4}

@: appendages, slowed, studying Fighting, very slow
A: horns 2, talons 2, AC +15, amphibious, unfitting armour, cold-blooded
}: 2/15 runes: serpentine, barnacled
a: End Transformation, Renounce Religion, Heroism, Finesse, Duel


You were on level 2 of the Vaults.
You worshipped Okawaru.
Okawaru was exalted by your worship.
You had temporarily grown beastly horns and talons.
You visited 7 branches of the dungeon, and saw 33 of its levels.
You also visited: Ice Cave, Volcano and Wizlab.

You collected 6205 gold pieces.
You spent 5111 gold pieces at shops.

Inventory:

Armour
 g - a +2 pair of gloves (worn)
 h - the +0 cloak of Watchfulness {Harm rF+ rC+}
   (You found it in a wizard's laboratory)

   rF:        It protects you from fire.
   rC:        It protects you from cold.
   Harm:      It increases damage dealt and taken.
 i - a +0 cloak of poison resistance
 s - a +1 cloak of willpower
 z - the +9 kite shield "Vidac" (worn) {rC- rN+ rCorr}
   (You found it on level 5 of the Dungeon)

   rC:        It makes you vulnerable to cold.
   rN:        It protects you from negative energy.
   rCorr:     It protects you from acid and corrosion.
 T - a +1 cloak of fire resistance (worn)
 X - a +0 pair of boots of stealth (melded)
Jewellery
 l - a ring of wizardry
 n - a ring of positive energy
 q - a ring of see invisible
 v - a ring of protection from cold (left hand)
 K - a ring of willpower
 M - a +6 ring of intelligence
 P - an amulet of guardian spirit (around neck)
 S - the ring of Icsugim {Ice rPois MP-9 Int+8 Stlth-}
   (You took it off a merfolk on level 4 of the Shoals)

   [ring of ice]

   It enhances your ice magic.
   Int:       It affects your intelligence (+8).
   rF:        It makes you vulnerable to fire.
   rC:        It protects you from cold.
   rPois:     It protects you from poison.
   MP:        It affects your magic capacity (-9).
   Stlth:     It makes you less stealthy.
 U - the ring "Jeviw" (right hand) {rPois rN+ Int-2 Dex+4 Slay+4}
   (You bought it in a shop on level 2 of the Orcish Mines)

   [ring of slaying]

   Int:       It affects your intelligence (-2).
   Dex:       It affects your dexterity (+4).
   Slay:      It affects your accuracy & damage with ranged weapons and melee
   (+4).
   rPois:     It protects you from poison.
   rN:        It protects you from negative energy.
 Y - a ring of resist corrosion
 Z - a +4 ring of protection
Wands
 m - a wand of flame (42)
 r - a wand of light (26)
 y - a wand of digging (12)
 H - a wand of mindburst (9)
 N - a wand of roots (23)
 W - a wand of polymorph (4)
Scrolls
 a - a scroll of vulnerability
 e - 2 scrolls of brand weapon
 f - 5 scrolls of immolation
 j - 3 scrolls of enchant armour
 k - 11 scrolls of enchant weapon
 p - 9 scrolls of identify
 t - 5 scrolls of amnesia
 A - 5 scrolls of blinking
 B - 2 scrolls of magic mapping
 C - 7 scrolls of poison
 G - 4 scrolls of fog
 I - a scroll of silence
 L - 8 scrolls of teleportation
Potions
 b - 6 potions of attraction
 c - 6 potions of might
 d - 7 potions of curing
 o - 3 potions of invisibility
 u - 5 potions of mutation
 w - 8 potions of flight
 D - 3 potions of magic
 E - 2 potions of ambrosia
 F - 2 potions of cancellation
 J - 2 potions of haste
 O - 5 potions of lignification
 Q - a potion of berserk rage
 R - a potion of brilliance
 V - a potion of resistance


   Skills:
 + Level 23.3 Fighting
 - Level 17.5 Dodging
 - Level 2.3 Shields
 + Level 21.9 Unarmed Combat
 + Level 12.6 Spellcasting
 - Level 8.0 Necromancy
 - Level 7.0 Transmutations
 + Level 13.8 Earth Magic


You had 35 spell levels left.
You knew the following spells:

 Your Spells              Type           Power      Damage    Failure   Level
a - Beastly Appendage     Tmut           68%        N/A       1%          1
b - Wereblood             Tmut           34%        N/A       1%          2
c - Borgnjor's Vile Clut  Necr/Erth      23%        N/A       7%          5

Your spell library contained the following spells:

 Spells                   Type           Power      Damage    Failure   Level
 Sandblast                Erth           100%       2d20      1%          1
 Passwall                 Tmut/Erth      38%        N/A       1%          2
 Sublimation of Blood     Necr           37%        N/A       1%          2
 Stone Arrow              Conj/Erth      68%        3d11      3%          3
 Kiss of Death            Conj/Necr      96%        2d12      4%          1
 Dispel Undead            Necr           37%        3d15      8%          4
 Leda's Liquefaction      Hex/Erth       17%        N/A       12%         4
 Spider Form              Tmut/Pois      22%        N/A       14%         3
 Apportation              Tloc           20%        N/A       22%         1
 Magic Dart               Conj           40%        1d5       22%         1
 Ignite Poison            Fire/Tmut/Pois 18%        N/A       24%         3
 Blink                    Tloc           20%        N/A       32%         2
 Momentum Strike          Conj/Tloc      20%        3d8       32%         2
 Poisonous Vapours        Pois/Air       20%        N/A       32%         2
 Searing Ray              Conj           20%        2d5       32%         2
 Static Discharge         Conj/Air       20%        2-3/arc   32%         2
 Anguish                  Hex/Necr       12%        N/A       38%         4
 Ice Form                 Ice/Tmut       22%        N/A       43%         4
 Confusing Touch          Hex            10%        N/A       54%         3
 Gell's Gravitas          Tloc           10%        N/A       54%         3
 Inner Flame              Hex/Fire       10%        N/A       54%         3
 Kindle Blastsparks       Fire/Tloc/Air  20%        2d11      54%         3
 Lesser Beckoning         Tloc           20%        N/A       54%         3
 Mephitic Cloud           Conj/Pois/Air  10%        N/A       54%         3
 Ozocubu's Armour         Ice            10%        N/A       54%         3
 Portal Projectile        Hex/Tloc       20%        N/A       54%         3
 Teleport Other           Tloc           10%        N/A       54%         3
 Vhi's Electric Charge    Tloc/Air       20%        N/A       54%         3
 Alistair's Intoxication  Tmut/Pois      14%        N/A       80%         5
 Cause Fear               Hex            5%         N/A       91%         4
 Fulminant Prism          Conj/Hex       5%         3d7       91%         4
 Iskenderun's Mystic Bla  Conj/Tloc      10%        2d4       91%         4
 Manifold Assault         Tloc           10%        N/A       91%         4
 Olgreb's Toxic Radiance  Pois           10%        N/A       91%         4
 Passage of Golubria      Tloc           10%        N/A       91%         4
 Sticky Flame             Conj/Fire      10%        2d3       91%         4
 Arcjolt                  Conj/Air       5%         1d15      99%         5
 Lightning Bolt           Conj/Air       5%         1d17      99%         5
 Metabolic Englaciation   Hex/Ice        5%         N/A       99%         5
 Silence                  Hex/Air        5%         N/A       99%         5
 Conjure Ball Lightning   Conj/Air       5%         3x3d6     100%        6
 Dispersal                Tloc           5%         N/A       100%        6
 Eringya's Noxious Bog    Tmut/Pois      11%        N/A       100%        6
 Enfeeble                 Hex            5%         N/A       100%        7
 Ozocubu's Refrigeration  Ice            5%         4d8       100%        7
 Storm Form               Tmut/Air       11%        N/A       100%        7
 Discord                  Hex            5%         N/A       100%        8
 Disjunction              Tloc           5%         N/A       100%        8
 Ignition                 Fire           5%         3d4       100%        8
 Lehudib's Crystal Spear  Conj/Erth      17%        10d5      100%        8
 Maxwell's Capacitive Co  Air            5%         ∞         100%        8
 Animate Dead             Necr           Unusable   N/A       N/A         4
 Call Imp                 Summ           Unusable   N/A       N/A         2
 Call Canine Familiar     Summ           Unusable   N/A       N/A         3
 Death Channel            Necr           Unusable   N/A       N/A         6
 Summon Lightning Spire   Summ/Air       Unusable   N/A       N/A         4
 Summon Forest            Summ/Tloc      Unusable   N/A       N/A         5
 Simulacrum               Ice/Necr       Unusable   N/A       N/A         6
 Summon Hydra             Summ           Unusable   N/A       N/A         7

Dungeon Overview and Level Annotations

Branches:
Dungeon (15/15)            Temple (1/1) D:4            Lair (5/5) D:8
 Shoals (4/4) Lair:3        Snake (4/4) Lair:3        Slime (0/5) Lair:5
    Orc (2/2) D:9             Elf (0/3) Orc:2        Vaults (2/5) D:13
 Depths (0/4) D:15          IceCv (visited)         Volcano (visited)
 WizLab (visited)
  Crypt: Vaults:2-3

Altars:
Ashenzari
Cheibriados
Dithmenos
Elyvilon
Fedhas
Gozag
Hepliaklqana
Kikubaaqudgha
Makhleb
Nemelex Xobeh
Okawaru
Qazlal
Ru
Sif Muna
Trog
Uskayaw
Vehumet
Wu Jian
Xom
Yredelemnul
Zin
The Shining One

Shops:
D:13 *   Orc:2 =[*!   Snake:4 *

Portals:
Pandemonium: Orc:2

Annotations:
D:4 2 runed translucent doors, Encipher's ghost, amateur KoEn
D:8 1 runed translucent door, experimilk's ghost, novice DrCj
Lair:1 2 transporters, exclusion: ice statue, Khashishi's ghost, journeyman MeNe
Lair:5 1 runed translucent door, BubbleThief's ghost, journeyman NaVM


Innate Abilities, Weirdness & Mutations

You have temporarily grown beastly horns and talons.
Your dull iron-grey scales are very hard. (AC +15)
You are amphibious.
You cannot fit into any form of body armour.
You are cold-blooded and may be slowed by cold attacks.


Message History

You pummel the ironbound preserver!! You claw the ironbound preserver.
You tail-slap the ironbound preserver.
The ironbound preserver is moderately wounded.
The deep troll earth mage completely misses you.
You block the deep troll earth mage's attack. x2
Unknown command.
Unknown command.
You pummel the ironbound preserver!! You headbutt the ironbound preserver.
The ironbound preserver is heavily wounded.
The ironbound preserver hits you with a +0 flail!
* * * LOW HITPOINT WARNING * * *
Electricity crackles from the ironbound thunderhulk's apparatus.
The bolt of lightning misses you.
You block the deep troll earth mage's attack. x3
Unknown command.
Unknown command.
As you read the scroll of fear, it crumbles to dust.
You assume a fearsome visage.
The deep troll earth mage looks frightened!
The ironbound preserver looks frightened!
The ironbound thunderhulk looks frightened!
The deep troll earth mage starts to cry.
Strange energies crackle from the ironbound thunderhulk's apparatus.
The ironbound thunderhulk blinks!
The ironbound thunderhulk screams, "Help!"
Strange energies crackle from the ironbound thunderhulk's apparatus.
The ironbound thunderhulk blinks!
Strange energies crackle from the ironbound thunderhulk's apparatus.
The ironbound thunderhulk blinks!
You feel like a meek peon again.
Strange energies crackle from the ironbound thunderhulk's apparatus.
The ironbound thunderhulk blinks!
The ironbound preserver begs for mercy.
Strange energies crackle from the ironbound thunderhulk's apparatus.
The ironbound thunderhulk blinks!
The ironbound preserver seems to regain its courage.
The ironbound thunderhulk seems to regain its courage.
Electricity crackles from the ironbound thunderhulk's apparatus.
The bolt of lightning hits you!!!
You die...

#............,,,,,
#.....§......,,,,,
##############............,,,,,
#............#............,,,,,
#............#.........#*+*****
#............#.........#,,,,,,,
#........>...#......O..#,,,,,,,
#............#.........#,,,,,,,
#............#@..#######,,,,,,,
#............#...#,,,,,*,,,,,,,
#............'...#,,,,,*,,,,,,,
#............#)..#,,,,,+,,,,,,,
##############..p#,,,,,########
#...#,,,,,#.......
#...#,,,,,#......#
#..)#######......#
#................#


You could see an ironbound preserver (fleeing) and an ironbound thunderhulk.

Vanquished Creatures
  Saint Roka (Vaults:1)
  Rupert (D:14)
  A tentacled starspawn (WizLab)
  2 krakens
  4 sphinxes
  Kirke (Snake:3)
  The ghost of Zull the Fighter, an adept OpVM of Vehumet (Snake:2)
  A tengu reaver (D:14)
  9 nagarajas
  A cacodemon (WizLab)
  A frost giant (D:14)
  A deep elf sorcerer (Vaults:1)
  A vault warden (Vaults:1)
  Aizul (Shoals:2)
  2 war gargoyles (Vaults:1)
  A reaper (IceCv)
  3 ironbound preservers
  A very ugly thing (Vaults:1)
  2 minotaurs (Shoals:4)
  7 dire elephants
  4 ettins
  Snorg (Lair:4)
  A great orb of eyes (Vaults:1)
  A fire dragon (D:15)
  4 merfolk impalers
  3 merfolk javelineers
  3 yaktaur captains
  2 ice dragons (D:14)
  3 hydras
  Josephine (D:12)
  A rakshasa (WizLab)
  2 salamander tyrants (Snake:4)
  A peacekeeper (Vaults:1)
  2 catoblepae
  4 centaur warriors
  14 anacondas
  2 ogre magi
  A death knight (D:14)
  An alligator snapping turtle (Shoals:2)
  6 boulder beetles
  3 two-headed ogres
  3 merfolk avatars
  19 naga warriors
  4 merfolk aquamancers
  13 satyrs
  A deep troll earth mage (D:14)
  3 tengu warriors
  7 death yaks
  Urug (D:11)
  5 orc high priests (Orc:2)
  A thrashing horror (WizLab)
  14 naga sharpshooters
  9 shock serpents
  A deep elf knight (WizLab)
  2 sun demons
  3 salamander mystics
  2 sixfirhies
  A spectral death yak (Lair:5)
  10 skeletal warriors
  A spectral anaconda (Lair:5)
  13 sea snakes
  A glowing orange brain (D:15)
  10 deep trolls
  12 naga ritualists
  18 harpies
  A phantasmal warrior (Vaults:1)
  A deep elf archer (Volcano)
  5 ironbound convokers
  2 obsidian statues
  A wolf spider zombie (D:15)
  6 wizards
  9 orc knights
  5 necromancers
  7 lindwurms (Vaults:1)
  6 deep elf pyromancers
  13 orc sorcerers
  14 ugly things
  15 mana vipers
  22 fauns
  A wolf spider (D:14)
  6 cyclopes
  3 worldbinders (WizLab)
  4 centaur zombies (D:15)
  5 guardian serpents
  14 manticores
  2 large abominations (WizLab)
  6 merfolk sirens
  2 ice statues (IceCv)
  13 elephants
  59 black mambas
  A gargoyle (D:13)
  8 salamanders
  4 vault sentinels
  8 cane toads
  A torpor snail (Lair:5)
  4 water nymphs
  Joseph (D:9)
  20 naga magi
  A rime drake (Lair:3)
  An unseen horror (shapeshifter) (D:14)
  2 unseen horrors
  Psyche (D:12)
  2 kobold demonologists (D:11)
  6 komodo dragons
  5 yaktaurs (Vaults:1)
  A tengu conjurer (Shoals:2)
  An efreet (WizLab)
  8 ice devils
  A tormentor (WizLab)
  3 freezing wraiths
  A red devil (Orc:2)
  7 wind drakes
  A demonic crawler (WizLab)
  A polar bear (Vaults:1)
  A wolf spider simulacrum (D:14)
  3 trolls
  3 hornets
  33 merfolk
  23 blink frogs
  A raiju (shapeshifter) (D:14)
  A raiju (WizLab)
  19 slime creatures
  4 snapping turtles
  Sigmund (D:5)
  2 small abominations (WizLab)
  An ettin skeleton (WizLab)
  2 ynoxinuls (WizLab)
  8 wraiths
  2 shadows
  2 vampires
  Eustachio (D:4)
  A dire elephant simulacrum (IceCv)
  13 water elementals
  6 wyverns
  53 yaks
  4 humans (Snake:3)
  3 vampire mosquitoes (D:10)
  2 steam dragons (D:8)
  4 fire elementals (Volcano)
  4 basilisks
  A redback (D:14)
  6 wargs
  2 death yak simulacra
  3 spatial vortices (WizLab)
  A harpy simulacrum (IceCv)
  61 nagas
  A spectral cane toad (Lair:5)
  2 acid dragons
  8 hell hounds
  9 water moccasins
  40 orc warriors
  2 black bears
  A black bear (shapeshifter) (D:15)
  5 sky beasts
  2 ice beasts
  8 wolves
  An elephant zombie (Lair:5)
  7 ogres
  15 centaurs
  4 kobold brigands
  A phantom (D:5)
  13 bullfrogs
  3 gnoll sergeants
  2 cane toad simulacra
  A scorpion (shapeshifter) (D:14)
  3 two-headed ogre simulacra (IceCv)
  7 wights
  2 elephant simulacra (Lair:5)
  10 killer bees
  5 howler monkeys
  8 crimson imps (D:13)
  A jelly (Lair:5)
  32 orc priests
  4 hounds
  Crazy Yiuf (D:5)
  17 orc wizards
  A boggart zombie (D:15)
  An iguana (D:6)
  3 polar bear simulacra (IceCv)
  4 spriggan simulacra (IceCv)
  3 naga simulacra (IceCv)
  10 adders
  10 gnolls
  A shadow imp (WizLab)
  17 white imps
  2 ufetubi (IceCv)
  3 worms
  87 orcs
  2 ball pythons (D:3)
  9 bats
  An endoplasm (shapeshifter) (D:15)
  7 endoplasms
  4 giant cockroaches
  3 goblins
  13 hobgoblins
  5 quokkas
  A frilled lizard (D:3)
  15 kobolds
  5 rats
  5 tentacles
1265 creatures vanquished.

Vanquished Creatures (others)
  An eldritch tentacle (WizLab)
  A naga warrior (Snake:4)
  A naga sharpshooter (Snake:3)
  A human (Snake:3)
  2 nagas
  An orc wizard (Orc:1)
  2 orcs (Orc:1)
  34 fungi
  198 plants
  2 starspawn tentacles (WizLab)
  11 tentacles
  23 withered plants
277 creatures vanquished.

Grand Total: 1542 creatures vanquished

Notes
Turn   | Place    | Note
-------+----------+-------------------------------------------
     0 | D:1      | cforsyth the Draconian Transmuter began the quest for the
                  | Orb.
     0 | D:1      | Reached XP level 1. HP: 16/16 MP: 3/3
   128 | D:1      | Reached XP level 2. HP: 21/23 MP: 3/5
   493 | D:1      | Reached XP level 3. HP: 27/29 MP: 3/6
   821 | D:2      | Reached skill level 2 in Fighting
  1463 | D:3      | Reached XP level 4. HP: 37/37 MP: 5/7
  2330 | D:4      | Found a runed translucent door.
  2338 | D:4      | Noticed Encipher's ghost (amateur KoEn)
  2432 | D:4      | Found a runed translucent door.
  2443 | D:4      | Found a staircase to the Ecumenical Temple.
  2648 | D:4      | Reached XP level 5. HP: 41/44 MP: 9/9
  2779 | D:4      | Reached skill level 3 in Fighting
  2951 | D:4      | Noticed a sky beast
  2973 | D:4      | HP: 1/45 [sky beast (6)]
  2978 | D:4      | Killed a sky beast
  2979 | D:4      | Reached XP level 6. HP: 23/51 MP: 10/10
  2982 | D:4      | Found Eciumudeudgh's Self-Improvement Boutique.
  3307 | D:5      | Entered Level 5 of the Dungeon
  3307 | D:5      | Noticed Eustachio
  3386 | D:5      | Noticed a hornet
  3410 | Temple   | Entered the Ecumenical Temple
  3510 | Temple   | Became a worshipper of Warmaster Okawaru
  3551 | D:5      | Paralysed by a hornet for 3 turns
  3561 | D:5      | Killed a hornet
  3561 | D:5      | Reached * piety under Okawaru
  3562 | D:5      | Reached skill level 4 in Fighting
  3562 | D:5      | Your scales start taking on a dull iron-grey colour.
  3562 | D:5      | Reached XP level 7. HP: 12/59 MP: 12/12
  5122 | D:4      | Reached skill level 5 in Unarmed Combat
  5700 | D:5      | Noticed a hornet
  5711 | D:5      | Killed a hornet
  5711 | D:5      | Reached ** piety under Okawaru
  5712 | D:5      | Reached skill level 5 in Fighting
  5712 | D:5      | Reached skill level 5 in Transmutations
  5712 | D:5      | Reached XP level 8. HP: 66/68 MP: 13/15
  6186 | D:5      | Identified the +9 kite shield "Vidac" {rC- rN+ rCorr}
  6190 | D:5      | Noticed Sigmund
  6544 | D:5      | Killed Sigmund
  6545 | D:5      | Reached skill level 1 in Shields
  6580 | D:5      | Found a runed translucent door.
  6581 | D:5      | Noticed Crazy Yiuf
  6765 | D:4      | Killed Eustachio
  6766 | D:4      | Reached skill level 5 in Spellcasting
  7364 | D:5      | Reached *** piety under Okawaru
  7580 | D:6      | Reached skill level 6 in Fighting
  7593 | D:6      | Identified a scroll of acquirement
  7594 | D:6      | Acquired 646 gold pieces
  7833 | D:4      | Bought a manual of Unarmed Combat for 880 gold pieces
  7926 | D:5      | Killed Crazy Yiuf
  8655 | D:7      | Noticed a hornet
  8689 | D:7      | Killed a hornet
  8690 | D:7      | Reached XP level 9. HP: 24/77 MP: 17/17
  9723 | D:7      | Reached skill level 7 in Fighting
  9870 | D:7      | Reached **** piety under Okawaru
 10684 | D:8      | Reached XP level 10. HP: 78/88 MP: 19/19
 10797 | D:8      | Reached skill level 8 in Fighting
 11119 | D:8      | Found a broken altar of Ashenzari.
 11138 | D:8      | Found a stormy altar of Qazlal.
 11162 | D:8      | Noticed a death yak
 11183 | D:8      | Found a runed translucent door.
 11183 | D:8      | Noticed experimilk's ghost (novice DrCj)
 11220 | D:8      | Noticed a death yak
 11220 | D:8      | Noticed a death yak
 11240 | D:8      | Killed a death yak
 11240 | D:8      | Reached ***** piety under Okawaru
 11241 | D:8      | Reached skill level 10 in Unarmed Combat
 11248 | D:8      | Killed a death yak
 11258 | D:8      | Noticed a death yak
 11283 | D:8      | Killed a death yak
 11284 | D:8      | Reached skill level 9 in Fighting
 11290 | D:8      | Killed a death yak
 11291 | D:8      | Reached skill level 5 in Dodging
 11293 | D:8      | Noticed a death yak
 11901 | D:8      | Found a staircase to the Lair.
 11922 | Lair:1   | Entered Level 1 of the Lair of Beasts
 11948 | Lair:1   | Acquired 567 gold pieces
 11970 | Lair:1   | Received a gift from Okawaru
 11986 | Lair:1   | Reached XP level 11. HP: 59/99 MP: 20/20
 12114 | Lair:1   | Learned a level 2 spell: Wereblood
 12289 | Lair:1   | Reached skill level 10 in Fighting
 12390 | Lair:1   | Found a transporter.
 12410 | Lair:1   | Noticed Khashishi's ghost (journeyman MeNe)
 12458 | Lair:1   | Noticed an eight-headed hydra
 13025 | Lair:1   | Found a transporter.
 13034 | Lair:1   | Found a hazy altar of Hepliaklqana.
 13610 | Lair:1   | Killed a death yak
 13619 | D:8      | Identified the +4 battleaxe of Untimely Demise {spect,
                  | Str+3} (Okawaru gifted it to you on level 8 of the Dungeon)
 13619 | D:8      | Received a gift from Okawaru
 13824 | D:4      | Bought a manual of Fighting for 880 gold pieces
 13972 | Lair:2   | Reached ****** piety under Okawaru
 14066 | Lair:2   | Reached skill level 11 in Fighting
 14871 | Lair:2   | Reached skill level 12 in Fighting
 15269 | Lair:3   | Received a gift from Okawaru
 15270 | Lair:3   | Reached XP level 12. HP: 42/113 MP: 21/21
 15273 | Lair:3   | Acquired 566 gold pieces
 15485 | Lair:3   | Reached skill level 13 in Fighting
 15848 | Lair:3   | Found a staircase to the Shoals.
 16129 | Lair:3   | Reached skill level 15 in Unarmed Combat
 16266 | Lair:3   | Found a staircase to the Snake Pit.
 16370 | Lair:3   | Received a gift from Okawaru
 16375 | Lair:3   | Reached skill level 14 in Fighting
 17209 | Lair:4   | Reached skill level 15 in Fighting
 17216 | Lair:4   | Noticed Snorg
 17438 | Lair:4   | Killed Snorg
 17526 | Lair:3   | Noticed a catoblepas
 17561 | Lair:3   | HP: 4/121 [catoblepas (9)]
 18640 | Lair:4   | Killed a catoblepas
 19045 | Lair:4   | Reached XP level 13. HP: 121/127 MP: 19/22
 19290 | Lair:5   | Entered Level 5 of the Lair of Beasts
 19361 | Lair:5   | Received a gift from Okawaru
 19717 | Lair:5   | Found a staircase to the Slime Pits.
 19812 | Lair:5   | Found a runed translucent door.
 20340 | Lair:5   | Reached skill level 10 in Dodging
 20350 | Lair:5   | Reached skill level 16 in Fighting
 20750 | Lair:5   | Noticed a dire elephant
 20751 | Lair:5   | Noticed a dire elephant
 20932 | Lair:5   | Noticed a dire elephant
 20961 | Lair:5   | Killed a dire elephant
 21320 | Lair:5   | Received a gift from Okawaru
 21702 | D:4      | Bought a manual of Dodging for 880 gold pieces
 22263 | Lair:5   | Acquired 848 gold pieces
 22343 | Lair:5   | Identified the -1 pair of gloves of Impermeability {Str+5}
                  | (Okawaru gifted it to you on level 5 of the Lair of Beasts)
 22343 | Lair:5   | Received a gift from Okawaru
 22639 | Lair:5   | Killed a dire elephant
 22907 | Lair:5   | Killed a dire elephant
 23060 | Lair:5   | Noticed BubbleThief's ghost (journeyman NaVM)
 23699 | D:9      | Noticed Joseph
 23711 | D:9      | Killed Joseph
 23929 | D:9      | Found a staircase to the Orcish Mines.
 24572 | D:9      | Found a burning altar of Makhleb.
 24617 | D:10     | Entered Level 10 of the Dungeon
 24817 | D:10     | Found a glowing golden altar of the Shining One.
 25418 | D:11     | Reached XP level 14. HP: 122/138 MP: 23/23
 25428 | D:11     | Found a frozen archway.
 25467 | IceCv    | Entered an ice cave
 26219 | IceCv    | Noticed a reaper
 26232 | IceCv    | Killed a reaper
 26235 | IceCv    | Found the +4 skin of Zhor {*Englaciate rC+++ SInv}
 26959 | D:11     | Noticed Urug
 26969 | D:11     | Killed Urug
 26969 | D:11     | Received a gift from Okawaru
 27557 | D:12     | Found a shadowy altar of Dithmenos.
 27576 | D:12     | Noticed Psyche
 27578 | D:12     | Noticed Josephine
 27602 | D:12     | Killed Josephine
 27605 | D:12     | Killed Psyche
 28833 | D:13     | Identified the +6 sling of Imoraph {flame, Str+5 Dex-3}
 29052 | D:13     | Received a gift from Okawaru
 29062 | D:13     | Found a gate to the Vaults.
 29272 | D:13     | Found Juodd's General Store.
 29459 | Orc:1    | Entered Level 1 of the Orcish Mines
 29517 | Orc:2    | Entered Level 2 of the Orcish Mines
 29556 | Orc:1    | Found a dark tunnel.
 29564 | Volcano  | Entered a volcano
 29597 | Volcano  | Reached skill level 15 in Dodging
 29929 | Orc:1    | Paralysed by an orc sorcerer for 4 turns
 30320 | Orc:2    | Identified the +7 trident "Giantslayer" {holy, SInv}
                  | (Okawaru gifted it to you on level 2 of the Orcish Mines)
 30320 | Orc:2    | Received a gift from Okawaru
 30439 | Orc:2    | Found a staircase to the Elven Halls.
 30709 | Orc:2    | Found Ebreirgh's General Store.
 30728 | Orc:2    | Found Ryatyg's Distillery.
 30805 | Orc:2    | Reached XP level 15. HP: 120/145 MP: 14/24
 31636 | Orc:2    | Paralysed by an orc sorcerer for 5 turns
 31676 | Orc:2    | Paralysed by an orc sorcerer for 5 turns
 31827 | Orc:2    | Paralysed by an orc sorcerer for 3 turns
 31843 | Orc:2    | Identified the +0 hat of Fallacy {Contam Str+6} (Okawaru
                  | gifted it to you on level 2 of the Orcish Mines)
 31843 | Orc:2    | Received a gift from Okawaru
 31848 | Orc:2    | Found Ecom Oss's Antique Armour Shop.
 31848 | Orc:2    | Found a one-way gate leading to the halls of Pandemonium.
 31848 | Orc:2    | Found Duhi's Jewellery Boutique.
 31896 | Orc:2    | Bought the ring "Jeviw" {rPois rN+ Int-2 Dex+4 Slay+4} for
                  | 1366 gold pieces
 32898 | D:4      | Bought a manual of Fighting for 880 gold pieces
 33394 | D:14     | Reached skill level 1 in Earth Magic
 33835 | D:14     | Reached skill level 17 in Fighting
 34090 | D:14     | Noticed a sphinx
 34101 | D:14     | Killed a sphinx
 34188 | D:14     | Noticed a frost giant
 34188 | D:14     | Noticed a tengu reaver
 34203 | D:14     | Killed a frost giant
 34210 | D:14     | Killed a tengu reaver
 34210 | D:14     | Identified the +6 quarterstaff "Beetleslayer" {vorpal,
                  | Drain +Blink Str+2 Stlth+} (Okawaru gifted it to you on
                  | level 14 of the Dungeon)
 34210 | D:14     | Received a gift from Okawaru
 34450 | D:14     | Identified the +3 quarterstaff "Teajot" {vorpal, *Noise
                  | rElec rC+ Dex+8 Stlth-}
 34572 | D:14     | Got the Folio of the Turbulent Snake
 34574 | D:14     | Got the Handbook of Proximity
 34836 | D:15     | Entered Level 15 of the Dungeon
 34896 | D:15     | Noticed Rupert
 35078 | D:14     | Killed Rupert
 35079 | D:14     | Reached skill level 1 in Necromancy
 35493 | D:15     | Identified the +11 quick blade of Ebeg {vorpal, rF+ Dex+6}
                  | (Okawaru gifted it to you on level 15 of the Dungeon)
 35493 | D:15     | Received a gift from Okawaru
 35546 | D:15     | Reached XP level 16. HP: 136/157 MP: 22/27
 35782 | D:15     | Reached skill level 5 in Earth Magic
 35954 | D:15     | Found a blossoming altar of Fedhas.
 36078 | D:15     | Identified the +6 morningstar of Qazlal's Favour
                  | {antimagic, Fly rElec Stlth-}
 36294 | D:15     | Reached skill level 18 in Fighting
 36367 | D:15     | Received a gift from Okawaru
 36675 | D:15     | Found a staircase to the Depths.
 37116 | Snake:1  | Entered Level 1 of the Snake Pit
 37231 | Snake:1  | Received a gift from Okawaru
 39338 | Snake:2  | Found a large runed translucent door.
 39339 | Snake:2  | Found a large runed translucent door.
 39340 | Snake:2  | Noticed Zull's ghost (adept OpVM)
 39399 | Snake:2  | Killed Zull's ghost
 40039 | Snake:2  | Identified the +9 bardiche "Newk" {vorpal, Stlth+} (Okawaru
                  | gifted it to you on level 2 of the Snake Pit)
 40039 | Snake:2  | Received a gift from Okawaru
 40401 | Snake:3  | Reached skill level 5 in Necromancy
 40431 | Snake:3  | Reached skill level 19 in Fighting
 40715 | Snake:3  | Reached XP level 17. HP: 164/168 MP: 27/29
 41650 | Snake:3  | Identified the +0 kite shield "Odolal" {rN+ MP+9 Str-2}
                  | (Okawaru gifted it to you on level 3 of the Snake Pit)
 41650 | Snake:3  | Received a gift from Okawaru
 41658 | Snake:3  | HP: 7/168 [mana viper[a naga ritualist] (12)]
 41663 | Snake:3  | Noticed Kirke
 41668 | Snake:3  | Killed Kirke
 41671 | Snake:3  | HP: 6/168 [naga sharpshooter/arrow (17)]
 43548 | Snake:4  | Entered Level 4 of the Snake Pit
 43573 | Snake:4  | Learned a level 5 spell: Borgnjor's Vile Clutch
 44382 | Snake:4  | Found Azxeurr's General Store.
 44390 | Snake:4  | Bought a scroll of blinking for 135 gold pieces
 44390 | Snake:4  | Bought a potion of berserk rage for 90 gold pieces
 44517 | Snake:4  | Reached skill level 20 in Fighting
 45080 | Snake:4  | Received a gift from Okawaru
 45094 | Snake:4  | Reached skill level 10 in Spellcasting
 45171 | Snake:4  | Identified the +1 pair of gloves of Entitlement {rPois rC-
                  | Str+9}
 45741 | Snake:4  | Reached skill level 10 in Earth Magic
 46078 | Snake:4  | Reached XP level 18. HP: 179/180 MP: 29/32
 46294 | Snake:4  | Got a serpentine rune of Zot
 46751 | Shoals:1 | Entered Level 1 of the Shoals
 46784 | Shoals:1 | Identified the +3 tower shield of the Wilderness {rF+ rC+
                  | Dex-5} (Okawaru gifted it to you on level 1 of the Shoals)
 46784 | Shoals:1 | Received a gift from Okawaru
 47311 | Shoals:1 | Reached skill level 21 in Fighting
 48912 | Shoals:3 | Noticed Aizul
 49651 | Shoals:2 | Killed Aizul
 51166 | Shoals:4 | Entered Level 4 of the Shoals
 51207 | Shoals:4 | Identified the +5 arbalest of Responsibility {freeze, *Slow
                  | Fly rF+ Str+4} (Okawaru gifted it to you on level 4 of the
                  | Shoals)
 51207 | Shoals:4 | Received a gift from Okawaru
 51647 | Shoals:4 | HP: 6/183 [faun/+0 spear (8)]
 53215 | Shoals:4 | Reached skill level 22 in Fighting
 53927 | Shoals:4 | Reached XP level 19. HP: 161/191 MP: 31/34
 53978 | Shoals:4 | Identified the +9 great sword of the Shrike {flame, rC+
                  | Str+5 Int-5 Dex+2 SInv} (Okawaru gifted it to you on level
                  | 4 of the Shoals)
 53978 | Shoals:4 | Received a gift from Okawaru
 54024 | Shoals:4 | Identified the ring of Icsugim {Ice rPois MP-9 Int+8
                  | Stlth-}
 54511 | Shoals:4 | Got a barnacled rune of Zot
 55058 | Vaults:1 | Entered Level 1 of the Vaults
 55247 | Vaults:1 | Noticed Saint Roka
 55286 | Vaults:1 | Killed Saint Roka
 55506 | Vaults:1 | Received a gift from Okawaru
 57252 | Vaults:2 | Reached skill level 23 in Fighting
 57331 | Vaults:2 | Found a magical portal.
 57340 | WizLab   | Entered The Roulette of Golubria
 57340 | WizLab   | Found a transporter.
 57730 | WizLab   | Found a corrupted altar of Lugonu.
 57776 | WizLab   | Found a transporter.
 57809 | WizLab   | Found a transporter.
 57872 | WizLab   | Found a transporter.
 57887 | WizLab   | Found a transporter.
 57907 | WizLab   | Found a transporter.
 57922 | WizLab   | Found a corrupted altar of Lugonu.
 57926 | WizLab   | Found a transporter.
 57990 | WizLab   | Found a transporter.
 58030 | WizLab   | Found a transporter.
 58030 | WizLab   | Found a transporter.
 58073 | WizLab   | Found a transporter.
 58128 | WizLab   | Found a transporter.
 58171 | WizLab   | Found a transporter.
 58294 | WizLab   | Found a transporter.
 58294 | WizLab   | Found a transporter.
 58339 | WizLab   | Found a transporter.
 58339 | WizLab   | Found a transporter.
 58404 | WizLab   | Identified the +9 battleaxe "Zitsojueps" {venom, Drain
                  | Will++ Int+3 Dex+3} (Okawaru gifted it to you in a wizard's
                  | laboratory)
 58404 | WizLab   | Received a gift from Okawaru
 58418 | WizLab   | Got Golubria's Folio of Elsewhere
 58429 | WizLab   | Found a transporter.
 58429 | WizLab   | Found a transporter.
 58501 | WizLab   | Found a transporter.
 58653 | WizLab   | Identified the +0 cloak of Watchfulness {Harm rF+ rC+}
 58658 | WizLab   | Got Golubria's Disquisition on the Jaunt
 59043 | Vaults:2 | Paralysed by a sphinx for 2 turns
 59060 | Vaults:2 | Killed from afar by an ironbound thunderhulk

Illustrated notes

Levels and vault maps discovered:
D:1:      evilmike_arrival_plus, layout_rooms
D:2:      layout_basic
D:3:      layout_loops_corners
D:4:      layout_loops_ring, minmay_temple_entry_statues_fountains,
          ebering_ghost_sewer_f, nicolae_shop_self_help
D:5:      layout_basic, palyth_stone_intersect, uniq_crazy_yiuf_cottage,
          uniq_eustachio, uniq_sigmund
D:6:      layout_cave_pods
D:7:      layout_basic
D:8:      layout_loops_corners, mainiacjoe_overflow_large_starburst,
          dpeg_lair_monsters, gammafunk_ghost_grave
D:9:      layout_roguey, lightli_temple_of_fire, david_orc_4, roderic_lattice_a,
          nicolae_fountain_basement, uniq_joseph
D:10:     layout_irregular_city, mainiacjoe_overflow_surrounded_room,
          chequers_serial_rivers_small_a
D:11:     layout_layer_cave, portal_ice_cave_entry_imps,
          grunt_decor_mini_mirrors, hangedman_decor_points, uniq_urug
D:12:     layout_irregular_city, minivault_20,
          nicolae_dithmenos_through_a_glass_darkly, uniq_psyche, uniq_josephine
D:13:     layout_loops_ring, david_vaults_1, serial_shops, kennysheep_mini,
          nrook_campfire, minmay_nine_imps
D:14:     minmay_tearing_corner, layout_loops_ring, minmay_misc_feat_ornament,
          nrook_loot_triangle
D:15:     gammafunk_enter_depths_forms, layout_layer_cave,
          serial_park_tiny_pond, serial_undead, serial_undead_a,
          serial_undead_a, serial_undead_c, serial_undead_e, serial_undead_e,
          fedhas_altar_3, uniq_rupert
Temple:   nicolae_temple_two_arcs
Lair:1:   layout_layer_cave, nzn_ghost_randoct, basic_altar,
          serial_bayou_lagoon_a, lemuel_fruit_tree, lemuel_fruit_fields
Lair:2:   layout_misc_corridors
Lair:3:   layout_cave_shapes, elwin_shoals_entry_stream,
          guppyfry_snake_entry_garden, kennysheep_catoblepas_arena
Lair:4:   layout_roguey, uniq_snorg
Lair:5:   due_jungle_book, layout_regular_city, minmay_slime_entry_pillars,
          ebering_ghost_inner_flame
Shoals:1: layout_shoals, ldierk_geyser
Shoals:2: layout_shoals, kb_tengu_band
Shoals:3: layout_shoals, uniq_aizul
Shoals:4: shoals_end_hellmonk_lost_city
Snake:1:  layout_layer_cave, grunt_megastairs_5
Snake:2:  layout_grid_maze, ebering_ghost_disaster_area
Snake:3:  layout_chambers, grunt_ministairs_7, uniq_kirke
Snake:4:  snake_pit, layout_cave_town, serial_shops,
          nicolae_shop_advertising_works [nicolae_subvault_shop_adworks],
          nicolae_snake_snakes_in_the_grass
Orc:1:    layout_caves, lightli_volcano_entry_magma_tube
Orc:2:    pf_orc_diabolical, layout_diamond_mine
Vaults:1: hangedman_vaults_stitches, nicolae_vaults_hallways_thing,
          vaults_dpeg_hooks, nicolae_vaults_an_arrangement, v_misc_32,
          vaults_mumra_hexcomb, serial_ice_m, ontoclasm_vaults_hangar,
          v_misc_27, nicolae_vaults_mini_display_case, layout_vaults_ring,
          uniq_saint_roka
Vaults:2: infiniplex_enter_wizlab_water, dpeg_vaults_monster_box,
          nicolae_vaults_angled_halls, vaults_room_corners, v_pattern_4,
          hangedman_vaults_maws, nicolae_vaults_little_squares_6,
          ontoclasm_vaults_gateway, nicolae_vaults_holding_cells,
          vaults_room_fours, vaults_room_fours, layout_vaults_big_room

Skill      XL: |  1  2  3  4  5  6  7  8  9 10 11 12 13 14 15 16 17 18 19 |
---------------+----------------------------------------------------------+-----
Fighting       | 2 3 4 5 6 7 9 12 15 16 17 19 20 22 23 | 23.3
Transmutations | 3 4 5 6 7 |  7.0
Spellcasting   | 3 4 5 6 7 8 10 11 12 | 12.6
Unarmed Combat | 4 5 6 9 11 14 15 17 18 19 20 21 | 21.9
Shields        | 2 |  2.3
Dodging        | 2 5 7 9 12 15 16 17 | 17.5
Earth Magic    | 4 7 10 12 13 | 13.8
Necromancy     | 1 5 6 7 8 |  8.0

Action                   |  1- 3 |  4- 6 |  7- 9 | 10-12 | 13-15 | 16-18 | 19-21 || total
-------------------------+-------+-------+-------+-------+-------+-------+-------++-------
Melee: Unarmed           |   114 |   128 |   398 |   616 |  1428 |  1563 |   480 ||  4727
       Kick              |    20 |    29 |    93 |   216 |   508 |   610 |   219 ||  1695
       Headbutt          |    14 |    15 |    55 |   132 |   300 |   385 |   145 ||  1046
       Tailslap          |     5 |     8 |    49 |   110 |   258 |   310 |   116 ||   856
       Punch             |     3 |     1 |     4 |       |    27 |       |       ||    35
 Cast: Beastly Appendage |    33 |    30 |    42 |    59 |   137 |   148 |    47 ||   496
       Wereblood         |       |       |       |    17 |    61 |    92 |    20 ||   190
       Borgnjor's Vile C |       |       |       |       |       |       |     1 ||     1
Invok: Heroism           |       |       |       |     4 |     6 |     1 |     1 ||    12
Evoke: Wand              |       |     2 |     2 |       |    18 |       |     1 ||    23
  Use: Scroll            |       |     3 |     9 |    11 |    14 |     8 |     3 ||    48
       Potion            |       |     5 |     3 |     6 |     3 |     7 |     1 ||    25
 Stab: Sleeping          |       |     1 |       |       |       |     1 |     2 ||     4
       Distracted        |       |       |       |       |     1 |     2 |       ||     3
Armor: Skin              |    37 |    35 |   191 |   180 |   360 |   385 |   130 ||  1318
Dodge: Dodged            |    57 |    57 |   159 |   193 |   625 |  1008 |   293 ||  2392
Block: Kite shield       |       |       |   268 |   536 |  1004 |  1666 |   419 ||  3893

Table legend: (Time is in decaauts)
 A = Elapsed time spent in this place.
 B = Non-inter-level travel time spent in this place.
 C = Inter-level travel time spent in this place.
 D = Time resting spent in this place.
 E = Time spent auto-exploring this place.
 F = Levels seen in this place.
 G = Mean time per level.
                   A        B        C        D        E       F      G
               +--------+--------+--------+--------+--------+-----+--------+
         Total |  58463 |  54578 |   3885 |  15907 |  26497 |  36 | 1624.0 |
       Dungeon |  23019 |  20126 |   2893 |   4670 |  11595 |  15 | 1534.6 |
        Temple |    108 |     86 |     22 |      0 |      0 |   1 |  108.0 |
          Lair |  10420 |   9926 |    494 |   3732 |   4105 |   5 | 2084.0 |
        Shoals |   7966 |   7828 |    138 |   3477 |   2793 |   4 | 1991.5 |
     Snake Pit |   9423 |   9226 |    197 |   2196 |   4955 |   4 | 2355.8 |
  Orcish Mines |   2315 |   2232 |     83 |    324 |   1173 |   2 | 1157.5 |
        Vaults |   2260 |   2204 |     56 |    518 |   1036 |   2 | 1130.0 |
      Ice Cave |   1090 |   1090 |      0 |    599 |    194 |   1 | 1090.0 |
       Volcano |    343 |    343 |      0 |      0 |     98 |   1 |  343.0 |
        Wizlab |   1515 |   1515 |      0 |    388 |    548 |   1 | 1515.0 |
               +--------+--------+--------+--------+--------+-----+--------+

Top non-repeatable levels by time:
 Snake:3: 4106 daAuts
  Lair:5: 3387 daAuts
Shoals:3: 3215 daAuts
     D:5: 3011 daAuts
     D:4: 2741 daAuts
    D:14: 2510 daAuts
     D:7: 2424 daAuts
 Snake:4: 2217 daAuts
     D:8: 1918 daAuts
Vaults:1: 1917 daAuts
  Lair:3: 1898 daAuts
  Lair:4: 1867 daAuts
Shoals:4: 1789 daAuts
  Lair:1: 1727 daAuts
 Snake:1: 1689 daAuts
